 Dungeon Crawl Stone Soup version 0.19.0-20-gbc5f0c6 (webtiles) character file.

25809 JeffiDaFish the Basher (level 13, -2/80 HPs)
             Began as a Gargoyle Fighter on Nov 16, 2016.
             Was an Elder of Makhleb.
             Slain by a death yak (18 damage)
             ... on level 6 of the Lair of Beasts on Nov 17, 2016.
             The game lasted 00:41:34 (14510 turns).

JeffiDaFish the Basher (Gargoyle Fighter)          Turns: 14510, Time: 00:41:35

Health: -2/80      AC: 24    Str: 24    XL:     13   Next: 21%
Magic:  7/7        EV: 10    Int:  9    God:    Makhleb [****..]
Gold:   912        SH:  8    Dex: 21    Spells: 1 memorised, 19 levels left

rFire  . . .     SeeInvis +     y - +11 spear "Matzom" {antimagic, Dex+5}
rCold  . . .     Gourm    .     q - +0 chain mail
rNeg   + . .     Faith    .     (no shield)
rPois  ∞         Spirit   .     m - +1 hat {SInv}
rElec  +         Reflect  +     u - +0 cloak
rCorr  +         Harm     .     z - +0 pair of gloves
MR     .....                    (no boots)
Stlth  ..........               o - brooch of Shielding {Reflect SH+8}
                                k - +6 ring of dexterity
                                l - ring of resist corrosion

@: no status effects
A: negative energy resistance 1, electricity resistance, unbreathing,
petrification resistance, rot immunity, AC +9
a: Minor Destruction, Lesser Servant of Makhleb, Major Destruction, Renounce
Religion


You were on level 6 of the Lair of Beasts.
You worshipped Makhleb.
Makhleb was greatly pleased with you.
You were not hungry.

You visited 3 branches of the dungeon, and saw 16 of its levels.

You collected 912 gold pieces.

Inventory:

Hand Weapons
 y - the +11 spear "Matzom" (weapon) {antimagic, Dex+5}
   (You found it on level 3 of the Lair of Beasts)

   It reduces the magical energy of the wielder, and disrupts the spells and
   magical abilities of those hit.
   Natural abilities and divine invocations are not affected.
   It affects your dexterity (+5).
Armour
 m - a +1 hat of see invisible (worn)
 q - a +0 chain mail (worn)
 u - a +0 cloak (worn)
 z - a +0 pair of gloves (worn)
Jewellery
 k - a +6 ring of dexterity (right hand)
 l - a ring of resist corrosion (left hand)
 o - the brooch of Shielding (around neck) {Reflect SH+8}
   (You found it on level 6 of the Dungeon)

   [amulet of reflection]

   It shields you and reflects attacks.
   It affects your SH (+8).
Wands
 A - a wand of lightning (8/15)
 D - a wand of hasting (4/9)
 F - a wand of flame (28/48)
Scrolls
 i - 7 scrolls of identify
 j - 6 scrolls of teleportation
 n - 8 scrolls of remove curse
 p - a scroll of magic mapping
 s - 5 scrolls of blinking
 x - 3 scrolls of amnesia
Potions
 d - 6 potions of might
 e - 5 potions of curing
 r - 2 potions of haste
 t - 2 potions of flight
 v - a potion of heal wounds
 w - 2 potions of agility
 B - a potion of ambrosia
Books
 c - a book of Beasts

   Spells                             Type                      Level
   a - Summon Butterflies             Summoning                    1
   b - Call Canine Familiar           Summoning                    3
   c - Summon Ice Beast               Ice/Summoning                4
   d - Summon Mana Viper              Hexes/Summoning              5
   e - Summon Hydra                   Summoning                    7
 C - a book of Power

   Spells                             Type                      Level
   a - Fulminant Prism                Conjuration/Hexes            4
   b - Iskenderun's Mystic Blast      Conjuration                  4
   c - Venom Bolt                     Conjuration/Poison           5
   d - Bolt of Magma                  Conjuration/Fire/Earth       5
   e - Iron Shot                      Conjuration/Earth            6
   f - Orb of Destruction             Conjuration                  7
   g - Spellforged Servitor           Conjuration/Summoning        7
Comestibles
 a - 5 beef jerkies
 b - 3 slices of pizza
 f - 9 bread rations
 g - 4 meat rations
 h - 6 fruits
 E - 7 chunks of flesh


   Skills:
 - Level 9.3 Fighting
   Level 11.4 Maces & Flails
 * Level 8.3 Polearms
 - Level 9.5 Armour
 - Level 3.1 Dodging
 - Level 1.3 Stealth
   Level 8.5 Shields
 + Level 5.5 Spellcasting
 + Level 7.3 Conjurations


You had 19 spell levels left.
You knew the following spells:

 Your Spells              Type           Power        Failure   Level  Hunger
a - Iskenderun's Mystic   Conj           ###.....     69%         4    #####..


Dungeon Overview and Level Annotations

Branches:
Dungeon (9/15)             Temple (1/1) D:5            Lair (6/6) D:8
 Shoals (0/4) Lair:2        Snake (0/4) Lair:3
  Slime: Lair:5-6       Orc: D:9-12

Altars:
Ashenzari
Cheibriados
Dithmenos
Elyvilon
Fedhas
Gozag
Hepliaklqana
Kikubaaqudgha
Makhleb
Nemelex Xobeh
Okawaru
Qazlal
Ru
Sif Muna
Trog
Uskayaw
Vehumet
Xom
Yredelemnul
Zin
The Shining One

Shops:
D:5 :   D:8 (   D:9 %


Innate Abilities, Weirdness & Mutations

You are resistant to torment.
Your stone body is resilient. (AC +9)
You are immune to poison.
You resist negative energy. (rN+)
You are resistant to electric shocks. (rElec)
You can survive without breathing.
You are immune to petrification.
You are immune to rotting.


Message History

The death yak is severely wounded.
The death yak gores you but does no damage.
You puncture the death yak!
The death yak is almost dead.
Your chain mail prevents you from hitting the death yak.
The death yak is almost dead.
The death yak gores you.
* * * LOW HITPOINT WARNING * * *
You hit the death yak.
The death yak is almost dead.
The death yak gores you but does no damage.
You hit the death yak but do no damage.
The death yak is almost dead.
The death yak barely misses you.
You hit the death yak but do no damage.
The death yak is almost dead.
You hit the death yak.
The death yak is almost dead.
The death yak gores you!!
You die...

#P...#.#.#..##.##.## ..#≈≈
PP.........#.####..## #.##.#
..........##.##P÷...##......
#..#.....#..................
##.###....#....P##........#
...####..#..#####..†....#
....# #.......# ##.†....#
..... ##.......####YY....#
...).....∩......@YYYY....#
...............####YY...#.#
......P..P #..#..# # ..PP
#..#P..# #.. P...$%.# ..
.[.##..# . ...## ### ..##


You could see 8 death yaks.

Vanquished Creatures
  Harold (Lair:1)
  A hydra (Lair:3)
  2 death yaks (Lair:6)
  The ghost of GoodGuyCap the Cudgeler, a novice DsAK of Lugonu (D:5)
  An oklob plant (Lair:2)
  5 black mambas
  6 elephants (Lair:6)
  8 spiny frogs
  A rime drake (Lair:6)
  5 komodo dragons
  A hornet (Lair:6)
  A polar bear (Lair:6)
  3 blink frogs (Lair:5)
  5 dream sheep (Lair:6)
  A snapping turtle (Lair:2)
  8 hippogriffs
  5 wyverns
  23 yaks
  A basilisk (Lair:4)
  A hungry ghost (D:7)
  17 water moccasins
  8 porcupines
  An orc warrior (D:9)
  An ice beast (D:9)
  2 phantoms
  2 sky beasts
  A black bear (D:9)
  2 ogres
  6 centaurs
  10 crocodiles
  A wyvern zombie (D:8)
  9 bullfrogs
  4 scorpions
  6 killer bees (D:9)
  8 wights
  An electric eel (Lair:3)
  3 crimson imps
  2 orc priests
  2 hounds
  A jelly (D:8)
  Crazy Yiuf (D:7)
  A centaur skeleton (D:6)
  3 iguanas
  2 hell rats (Lair:2)
  5 worker ants
  Natasha (thrice) (D:2)
  4 orc wizards
  A worker ant zombie (D:6)
  12 adders
  9 river rats (Lair:2)
  3 shadow imps
  3 oozes
  An adder skeleton (D:8)
  2 worms
  2 dart slugs
  7 leopard geckos
  21 orcs
  8 giant cockroaches
  9 goblins
  6 hobgoblins
  13 jackals
  7 kobolds
  5 quokkas
  6 ball pythons
  6 bats
  2 frilled lizards
  7 rats
316 creatures vanquished.

Vanquished Creatures (others)
  A centaur (D:9)
  11 fungi
  10 plants (Lair:6)
22 creatures vanquished.

Grand Total: 338 creatures vanquished

Notes
Turn   | Place    | Note
-------+----------+-------------------------------------------
     0 | D:1      | JeffiDaFish the Gargoyle Fighter began the quest for the Orb.
     0 | D:1      | Reached XP level 1. HP: 14/14 MP: 1/1
    52 | D:1      | Reached XP level 2. HP: 18/19 MP: 2/2
   244 | D:1      | Reached XP level 3. HP: 21/24 MP: 3/3
   803 | D:2      | Noticed Natasha
   818 | D:2      | Killed Natasha
   818 | D:2      | Reached skill level 3 in Maces & Flails
   818 | D:2      | Reached XP level 4. HP: 29/29 MP: 4/4
  1564 | D:2      | Noticed Natasha
  1585 | D:2      | Killed Natasha
  1585 | D:2      | Reached XP level 5. HP: 8/33 MP: 5/5
  1836 | D:2      | Noticed Natasha
  1842 | D:2      | Killed Natasha
  2068 | D:3      | Reached skill level 1 in Dodging
  2406 | D:3      | Reached XP level 6. HP: 34/38 MP: 6/6
  2654 | D:4      | Found a blossoming altar of Fedhas.
  2679 | D:4      | Reached skill level 4 in Maces & Flails
  2711 | D:4      | Reached skill level 5 in Shields
  2931 | D:4      | Found a faded altar of an unknown god.
  2931 | D:4      | Found a faded altar of an unknown god.
  2936 | D:4      | Found a faded altar of an unknown god.
  2938 | D:4      | Found an iron altar of Okawaru.
  2940 | D:4      | Found a faded altar of an unknown god.
  3036 | D:5      | Entered Level 5 of the Dungeon
  3055 | D:5      | Noticed GoodGuyCap's ghost (novice DsAK)
  3077 | D:5      | Killed GoodGuyCap's ghost
  3077 | D:5      | Reached skill level 5 in Maces & Flails
  3077 | D:5      | Reached XP level 7. HP: 8/44 MP: 7/7
  3331 | D:5      | Reached XP level 8. HP: 37/48 MP: 8/8
  3359 | D:5      | Found Kimoklio's Book Emporium.
  3589 | D:5      | Reached skill level 5 in Armour
  3600 | D:5      | Found a basalt altar of Yredelemnul.
  3611 | D:5      | Found a staircase to the Ecumenical Temple.
  3630 | Temple   | Entered the Ecumenical Temple
  3723 | Temple   | Became a worshipper of Makhleb the Destroyer
  3824 | D:5      | Found a blossoming altar of Fedhas.
  4033 | D:5      | Reached skill level 5 in Fighting
  4336 | D:5      | Reached skill level 6 in Maces & Flails
  4759 | D:6      | Reached skill level 7 in Maces & Flails
  4796 | D:6      | Reached XP level 9. HP: 50/54 MP: 9/9
  5261 | D:7      | Found a runed door.
  5265 | D:7      | Noticed Crazy Yiuf
  5271 | D:7      | Killed Crazy Yiuf
  5322 | D:7      | Found a hide-covered altar of Uskayaw.
  5327 | D:7      | Reached * piety under Makhleb
  5389 | D:7      | Reached skill level 8 in Maces & Flails
  6117 | D:8      | Found a staircase to the Lair.
  6128 | D:8      | Found Fathra's Weapon Shop.
  6250 | D:8      | Found a radiant altar of Vehumet.
  6251 | D:8      | Found a glowing golden altar of the Shining One.
  6253 | D:8      | Found a hazy altar of Hepliaklqana.
  6254 | D:8      | Found a basalt altar of Yredelemnul.
  6256 | D:8      | Found an ancient bone altar of Kikubaaqudgha.
  6428 | D:9      | Reached ** piety under Makhleb
  6540 | D:9      | Reached skill level 9 in Maces & Flails
  6599 | D:9      | Reached XP level 10. HP: 36/60 MP: 10/10
  7306 | D:9      | Found Ocvolac's Food Boutique.
  7462 | Lair:1   | Entered Level 1 of the Lair of Beasts
  7499 | Lair:1   | Got a smoking glaive
  7500 | Lair:1   | Identified the +5 glaive of Sequestration {chop, Dex+3} (You found it on level 1 of the Lair of Beasts)
  8472 | Lair:1   | Reached skill level 1 in Polearms
  8507 | Lair:1   | Noticed Harold
  8525 | Lair:1   | Killed Harold
  8525 | Lair:1   | Reached skill level 1 in Stealth
  8729 | Lair:1   | Reached skill level 10 in Maces & Flails
  9028 | Lair:1   | Noticed a spiny frog
  9038 | Lair:1   | Killed a spiny frog
  9042 | Lair:1   | Noticed a spiny frog
  9048 | Lair:1   | Killed a spiny frog
  9259 | Lair:2   | Reached XP level 11. HP: 68/68 MP: 11/11
  9430 | Lair:2   | Identified a scroll of acquirement
  9645 | Lair:2   | Reached *** piety under Makhleb
 10044 | Lair:2   | Found a staircase to the Shoals.
 10118 | Lair:2   | Noticed an oklob plant
 10163 | Lair:2   | Killed an oklob plant
 10163 | Lair:2   | Reached skill level 11 in Maces & Flails
 10516 | Lair:3   | Learned a level 4 spell: Iskenderun's Mystic Blast
 10564 | Lair:3   | Found a staircase to the Snake Pit.
 10647 | Lair:3   | Reached skill level 1 in Conjurations
 10691 | Lair:3   | Noticed a six-headed hydra
 10701 | Lair:3   | Reached skill level 1 in Spellcasting
 10709 | Lair:3   | Killed a six-headed hydra
 10749 | Lair:3   | Got a polished spear
 10750 | Lair:3   | Identified the +11 spear "Matzom" {antimagic, Dex+5} (You found it on level 3 of the Lair of Beasts)
 11271 | Lair:4   | Got a translucent flail
 11272 | Lair:4   | Identified the +0 flail "Lalamnin" {holy, rPois rN+ MR-} (You found it on level 4 of the Lair of Beasts)
 11386 | Lair:4   | Reached **** piety under Makhleb
 11516 | Lair:4   | Found a stormy altar of Qazlal.
 11901 | Lair:5   | Reached XP level 12. HP: 75/76 MP: 4/14
 12676 | Lair:5   | Reached skill level 5 in Polearms
 13030 | Lair:5   | Reached skill level 5 in Conjurations
 13173 | Lair:6   | Entered Level 6 of the Lair of Beasts
 13479 | Lair:5   | HP: 3/76 [wyvern (2)]
 14115 | Lair:6   | Reached XP level 13. HP: 20/80 MP: 6/20
 14374 | Lair:6   | Reached skill level 5 in Spellcasting
 14510 | Lair:6   | Slain by a death yak

Skill      XL: |  1  2  3  4  5  6  7  8  9 10 11 12 13 |
---------------+----------------------------------------+-----
Maces & Flails | 3 5 7 9 10 11 | 11.4
Shields        | 4 5 6 8 |  8.5
Armour         | 4 6 8 9 |  9.5
Dodging        | 1 2 3 |  3.1
Fighting       | 4 5 6 8 9 |  9.3
Polearms       | 2 3 7 8 |  8.3
Stealth        | 1 |  1.3
Conjurations   | 3 6 7 |  7.3
Spellcasting   | 1 4 5 |  5.5

Action                   |  1- 3 |  4- 6 |  7- 9 | 10-12 | 13-15 || total
-------------------------+-------+-------+-------+-------+-------++-------
Melee: Flail             |   108 |   268 |   356 |    46 |       ||   778
       Dire flail        |       |       |       |   285 |       ||   285
       Glaive            |       |       |       |    34 |       ||    34
       Spear             |       |       |       |   481 |   122 ||   603
  Use: Scroll            |     4 |     8 |     4 |     9 |       ||    25
       Potion            |     4 |     5 |     1 |     3 |       ||    13
  Eat: Chunk             |       |     7 |    12 |    20 |     1 ||    40
       Royal jelly       |       |       |     1 |     1 |       ||     2
       Fruit             |       |       |       |     4 |       ||     4
Armor: Scale mail        |    71 |   104 |       |       |       ||   175
       Chain mail        |       |    36 |   135 |   461 |    45 ||   677
Dodge: Dodged            |    63 |    91 |    47 |   337 |    21 ||   559
Block: Shield            |    63 |   187 |   277 |    43 |       ||   570
       Other             |       |       |       |   329 |    31 ||   360
       Reflection        |       |       |       |     6 |       ||     6
